[Event "Early-Titled-Tuesday-Blitz-November-28-2023"]
[Site "Chess.com"]
[Date "2023.11.28"]
[Round "4"]
[White "kuanysh1981"]
[Black "tandercat"]
[Result "1-0"]
[WhiteElo "2440"]
[BlackElo "2073"]
[TimeControl "180+1"]
[EndTime "8:38:24 PST"]
[Termination "kuanysh1981 won on time"]

1. d4 d5 2. c4 e6 3. Nf3 a6 4.
g3 dxc4 5. Bg2 Nc6 6. O-O Rb8 7. e4 Nf6 8. Nc3 b5 9. d5 Nb4 10. Bg5 Be7 11. Ne5 Bb7 12. dxe6 fxe6 13. Qe2 O-O 14.
Rad1 Qe8 15. Bxf6 gxf6 16. Nd7 Rd8 17. Nxf8 Qxf8 18. Qg4+ Kh8 19. Qxe6 Nd3 20. Rb1 Bc8 21. Qc6 Nb4 22. Qxc7 Bd6 23. Qa5 Nc6 24. Qb6 Bd7 25.
Rbd1 Bc5 26. Qc7 Ne5 27. Nd5 Rc8 28. Qa5 Nd3 29. Qxa6 Nxb2 30. Rb1 Nd3 31. Nxf6 Ra8 32. Nxd7 Rxa6 33. Nxf8 Bxf8 34. Rxb5 Rxa2 35. e5 Kg7 36. Bd5 1-0

[Event "Early-Titled-Tuesday-Blitz-November-28-2023"]
[Site "Chess.com"]
[Date "2023.11.28"]
[Round "4"]
[White "Tsomaia_Nikoloz"]
[Black "PawnEatingZombie"]
[Result "1-0"]
[WhiteElo "2369"]
[BlackElo "2175"]
[TimeControl "180+1"]
[EndTime "8:38:24 PST"]
[Termination "Tsomaia_Nikoloz won by resignation"]

1. e4 e6 2. d3 d5 3. Nd2 Nf6 4. Ngf3 c5 5. g3 Nc6 6. Bg2 Be7 7. O-O b6 8. Re1 Bb7 9. Qe2 Qc7 10. c3 h6 11. a3 dxe4 12. dxe4 O-O 13. e5 Nd7 14.
Nf1 a5 15. Bf4 Ba6 16. Qc2 Rac8 17. h4 b5 18. N1h2 c4 19. Ng4 Nc5 20. Nxh6+ gxh6 21. Bxh6 Rfd8 22. Ng5 Nd3 23. Re4 Ncxe5 24. Rf4 Bxg5 25. Bxg5 Nxf4 26. gxf4 Nd3 27. Qe2 f5 28. Qxe6+ Qf7 29.
Qxa6 Nc5 30. Qxb5 Ne4 31. Bxe4 fxe4 32. Bxd8 Rxd8 33. Qg5+ 1-0

[Event "Early-Titled-Tuesday-Blitz-November-28-2023"]
[Site "Chess.com"]
[Date "2023.11.28"]
[Round "4"]
[White "IwkooO"]
[Black "Quattroporte300"]
[Result "1-0"]
[WhiteElo "2651"]
[BlackElo "2391"]
[TimeControl "180+1"]
[EndTime "8:38:25 PST"]
[Termination "IwkooO won on time"]

1. e4 c6 2. d4 d5 3. f3 dxe4 4. fxe4 e5 5. Nf3 Nf6 6. Bc4 Nxe4 7. O-O Nd6 8. Bb3 e4 9. Ne5 Bf5 10.
Nxf7 Nxf7 11. Rxf5 Nd6 12. Re5+ Kd7 13. Nc3 Be7 14.
Qg4+ Kc7 15. Qxg7 Re8 16. Bg5 Nc8 17. Rxe4 Nd7 18. Rae1 Bxg5 19. Rxe8 Qf6 20. Qxf6 Bxf6 21. d5 a5 22. R1e6 Bd4+ 23. Kh1 Ra6 24. dxc6 bxc6 25. Nb5+ cxb5 26. Rxa6 a4 27. Be6 Ndb6 28. Bxc8 Nxc8 29.
Rc6+ Kxc6 30. Rxc8+ Kd5 31. c3 Be3 32. b3 a3 33. c4+ bxc4 34. Rxc4 Bd4 35. g4 1-0

[Event "Early-Titled-Tuesday-Blitz-November-28-2023"]
[Site "Chess.com"]
[Date "2023.11.28"]
[Round "4"]
[White "TigrVShlyape"]
[Black "Russian_berezka"]
[Result "1-0"]
[WhiteElo "2973"]
[BlackElo "2607"]
[TimeControl "180+1"]
[EndTime "8:38:26 PST"]
[Termination "TigrVShlyape won on time"]

1. d4 Nf6 2. Bf4 d5 3. e3 c5 4. c3 Nc6 5. Nd2 e6 6. Ngf3 Bd6 7. Bg3 a5 8. Bb5 O-O 9. a4 Qc7 10. dxc5 Bxg3 11. hxg3 Ne7 12. b4 e5 13. O-O Bg4 14. Qb3 e4 15. Nd4 h5 16. Rfc1 Qe5 17. c4 axb4 18.
Qxb4 g6 19. cxd5 Nexd5 20. Qb3 Kg7 21. c6 bxc6 22. Bxc6 Rab8 23. Qa3 Rh8 24. Bxd5 Nxd5 25. Nc4 Qf6 26. Qd6 Nb4 27. Qxf6+ Kxf6 28. Nd6 Bf5 29. N6xf5 gxf5 30. Rc5 Rhc8 31. Rxf5+ Kg6 32. Rb5 Nd3 33. Rxb8 Rxb8 34. a5 Rb2 35. a6 Nxf2 36. a7 1-0

[Event "Early-Titled-Tuesday-Blitz-November-28-2023"]
[Site "Chess.com"]
[Date "2023.11.28"]
[Round "4"]
[White "Wizard_97"]
[Black "Kostukov_Alex"]
[Result "1-0"]
[WhiteElo "2642"]
[BlackElo "2404"]
[TimeControl "180+1"]
[EndTime "8:38:26 PST"]
[Termination "Wizard_97 won on time"]

1. e4 c5 2. Nf3 g6 3. d4 cxd4 4. Nxd4 Bg7 5. c4 Nc6 6. Be3 Nf6 7. Nc3 Nxd4 8. Bxd4 Qa5 9. Bd3 O-O 10. O-O d6 11.
Be2 Be6 12. b3 Rfc8 13. f4 b5 14. f5 b4 15. fxe6 bxc3 16. exf7+ Kf8 17. Qd3 Nd7 18. Bg4 Bxd4+ 19. Qxd4 Qc5 20. Qxc5 Nxc5 21. Bxc8 Rxc8 22. Rae1 a5 23. Re3 c2 24. Rc3 Nxe4 25.
Rxc2 Nf6 26. Rcf2 Kxf7 27. g4 h6 28. h4 g5 29. hxg5 hxg5 30. Kg2 Kg6 31. Kf3 a4 32. Re1 e5 33. Rd2 Rc6 34. Red1 e4+ 35. Ke3 d5 36. cxd5 Rc3+ 37. Kd4 Rg3 38. d6 Rxg4 39. Ke5 e3 40. Rd4 e2 41. Re1 Nd7+ 42. Kd5 Nf6+ 43. Kc5 Ne4+ 44.
Kc6 1-0

[Event "Early-Titled-Tuesday-Blitz-November-28-2023"]
[Site "Chess.com"]
[Date "2023.11.28"]
[Round "4"]
[White "xamax2000"]
[Black "RETURNOFTHELAGGER"]
[Result "1-0"]
[WhiteElo "2927"]
[BlackElo "2678"]
[TimeControl "180+1"]
[EndTime "8:38:27 PST"]
[Termination "xamax2000 won by resignation"]

1. b3 d5 2. Bb2 Nf6 3. d3 Bg4 4. Nd2 e6 5. h3 Bh5 6. g4 Bg6 7. Bg2 Nbd7 8. f4 Bc5 9. e4 Nxe4 10.
Nxe4 dxe4 11. h4 exd3 12. h5 dxc2 13. Qe2 Bxh5 14. Rxh5 c6 15. Nf3 Qa5+ 16. Kf1 O-O-O 17. Qxc2 f6 18. Rc1 e5 19. Bh3 g6 20. Rh6 exf4 21.
Kg2 Ba3 22. g5 Bxb2 23. Qxb2 fxg5 24. Ne5 Qd5+ 25. Kh2 Kc7 26. Nxd7 Rxd7 27. Bxd7 Qxd7 28. Qe5+ Kb6 29. Rc2 Re8 30. Qxg5 Re4 31. b4 Rxb4 32. Qc5+ 1-0

[Event "Early-Titled-Tuesday-Blitz-November-28-2023"]
[Site "Chess.com"]
[Date "2023.11.28"]
[Round "4"]
[White "betta2004"]
[Black "chito89"]
[Result "0-1"]
[WhiteElo "2583"]
[BlackElo "2859"]
[TimeControl "180+1"]
[EndTime "8:38:28 PST"]
[Termination "chito89 won by resignation"]

1. e4 e6 2. d4 d5 3. Bd3 dxe4 4. Bxe4 Nf6 5. Bf3 c5 6. Ne2 Be7 7. Nbc3 O-O 8. Be3 cxd4 9. Nxd4 a6 10. O-O Qc7 11.
Qe2 e5 12. Nb3 Be6 13. Rfd1 Nc6 14. Nd5 Bxd5 15. Bxd5 Rad8 16. c4 h6 17. Rac1 Nb4 18. Qf3 Nxa2 19. Ra1 Nxd5 20. cxd5 Nb4 21. Rac1 Qb8 22.
Bb6 Rc8 23. Rxc8 Rxc8 24. Qg4 Rc2 25. Be3 Qd6 26. Na5 Nxd5 27. Qf3 Nxe3 28. fxe3 Rd2 29. Rxd2 Qxd2 30. Nxb7 Qe1+ 31. Qf1 Qxe3+ 32. Kh1 Qb6 33. Qf3 Qxb2 34. h3 Qb1+ 35. Kh2 e4 36. Qxe4 Qxe4 0-1

[Event "Early-Titled-Tuesday-Blitz-November-28-2023"]
[Site "Chess.com"]
[Date "2023.11.28"]
[Round "4"]
[White "FairChess_on_YouTube"]
[Black "Alexander_Donchenko"]
[Result "0-1"]
[WhiteElo "3082"]
[BlackElo "2883"]
[TimeControl "180+1"]
[EndTime "8:38:29 PST"]
[Termination "Alexander_Donchenko won by resignation"]

1. d4 Nf6 2. c4 g6 3. Nc3 Bg7 4.
e4 d6 5. h3 O-O 6. Be3 Nc6 7.
d5 Ne5 8. f4 Ned7 9. Bd3 c6 10.
Nf3 a6 11. a4 Nc5 12. Bc2 cxd5 13. cxd5 b6 14. b4 Ncd7 15. Nd4 Bb7 16. Nc6 Qc7 17.
Nxe7+ Kh8 18. Bd4 Nb8 19. Nc6 Bxc6 20. dxc6 Nxc6 21. Bxf6 Bxf6 22. Nd5 Bh4+ 23. Kf1 Qd8 24. Qd3 Ne7 25. Bb3 Nxd5 26. Bxd5 Rc8 27. g3 Qf6 28. e5 dxe5 29. Kg2 e4 30. Qxe4 Qb2+ 31.
Kf3 Rc3+ 32. Kg4 f5+ 33. Kxh4 fxe4 34. Bxe4 Qe2 0-1

[Event "Early-Titled-Tuesday-Blitz-November-28-2023"]
[Site "Chess.com"]
[Date "2023.11.28"]
[Round "4"]
[White "KVAIDAN"]
[Black "Lady_Nika"]
[Result "0-1"]
[WhiteElo "2351"]
[BlackElo "2580"]
[TimeControl "180+1"]
[EndTime "8:38:30 PST"]
[Termination "Lady_Nika won by checkmate"]

1. f4 d5 2. Nf3 c5 3. e3 Nc6 4.
Bb5 Bd7 5. b3 Nf6 6. Bb2 a6 7.
Bxc6 Bxc6 8. O-O g6 9. Ne5 Rc8 10. d3 Bg7 11. Nd2 O-O 12. Qe1 d4 13. e4 Nd7 14.
Nxd7 Qxd7 15. Qh4 b5 16. f5 Bf6 17. Qh3 Bb7 18. Nf3 Rc7 19. e5 Bg7 20. Ng5 h6 21. e6 fxe6 22. Nxe6 Rf6 23. Nxc7 Qxc7 24. Rae1 gxf5 25. Bc1 Rg6 26. Re2 Bc8 27. Qh5 Kh7 28.
Bd2 e5 29. b4 c4 30. Be1 f4 31. Bh4 Bg4 32. Qxg6+ Kxg6 33. Ref2 cxd3 34. cxd3 Qc3 35. h3 Bf5 36. Rf3 Bxd3 37. Rd1 e4 38. Rxf4 Be5 39. Rf8 Bc4 40. Bf2 e3 41. Bh4 e2 42. Re1 Bg3 43. Bxg3 Qxg3 44. Rf2 d3 45. Rc1 d2 46. Rb1 e1=Q+ 47.
Rxe1 dxe1=Q+ 48. Rf1 Qxf1# 0-1

[Event "Early-Titled-Tuesday-Blitz-November-28-2023"]
[Site "Chess.com"]
[Date "2023.11.28"]
[Round "4"]
[White "StellarChessPro"]
[Black "AsaHoffmann"]
[Result "1-0"]
[WhiteElo "2540"]
[BlackElo "2350"]
[TimeControl "180+1"]
[EndTime "8:38:30 PST"]
[Termination "StellarChessPro won on time"]

1. b3 d6 2. Bb2 Nd7 3. Nf3 e5 4. d3 Ngf6 5. Nbd2 Be7 6. g3 c6 7. Bg2 O-O 8. O-O Re8 9. e4 Bf8 10. d4 Qc7 11. dxe5 dxe5 12. Re1 a5 13. Nc4 b5 14.
Ncxe5 Nxe5 15. Nxe5 Rxe5 16. Bxe5 Qxe5 17. f4 Qc5+ 18.
Kh1 Ng4 19. Qf3 Nf2+ 20. Kg1 Nxe4+ 21. Kh1 f5 22. h3 Bb7 23. Rac1 a4 24. Kh2 Qa3 25.
g4 Nf6 26. g5 Ne4 27. h4 Qxa2 28. Bh3 g6 29. h5 Bd6 30. hxg6 hxg6 31. Rxe4 fxe4 32. Qxe4 Qa3 33. Be6+ Kg7 34. Qd4+ Kh7 35. Rh1 c5 36. Qxd6 Bxh1 37. Qe7+ Kh8 38. Qf6+ Kh7 39.
Qf7+ Kh8 40. Qxg6 1-0

[Event "Early-Titled-Tuesday-Blitz-November-28-2023"]
[Site "Chess.com"]
[Date "2023.11.28"]
[Round "4"]
[White "bescmelasti"]
[Black "Qvalda"]
[Result "1-0"]
[WhiteElo "2656"]
[BlackElo "2418"]
[TimeControl "180+1"]
[EndTime "8:38:33 PST"]
[Termination "bescmelasti won on time"]

1. e4 e5 2. Nf3 Nc6 3. Bb5 d6 4. Ba4 Nf6 5. d3 Be7 6. O-O O-O 7. h3 a6 8. c3 b5 9. Bc2 Bb7 10. a4 d5 11. Re1 d4 12. axb5 axb5 13. Rxa8 Qxa8 14.
cxd4 exd4 15. Bf4 Qa2 16. e5 Nd7 17. e6 Nc5 18. exf7+ Kh8 19. Ng5 Bxg5 20. Bxg5 Qxf7 21. Bh4 Nb4 22. Nd2 Nbxd3 23. Re7 Qg6 24. Qf1 b4 25.
Rxc7 Ba8 26. Rxc5 Nxc5 27. Bxg6 hxg6 28. Qc4 Rf5 29. Qxd4 Kh7 30. Qxb4 Rd5 31. Nf3 Rd1+ 32. Kh2 Ne6 33. Ng5+ Nxg5 34. Bxg5 1-0

[Event "Early-Titled-Tuesday-Blitz-November-28-2023"]
[Site "Chess.com"]
[Date "2023.11.28"]
[Round "4"]
[White "djano"]
[Black "MightyGMpretender"]
[Result "0-1"]
[WhiteElo "2566"]
[BlackElo "2816"]
[TimeControl "180+1"]
[EndTime "8:38:34 PST"]
[Termination "MightyGMpretender won by resignation"]

1. d4 Nf6 2. Bf4 g6 3. Nc3 Bg7 4. e4 d6 5. Qd2 a6 6. Bh6 Bxh6 7. Qxh6 b5 8. Bd3 Nc6 9. Nge2 e5 10. d5 Nb4 11.
O-O Ng4 12. Qd2 O-O 13. h3 Nf6 14. f4 exf4 15. Nxf4 Nd7 16. Nd1 a5 17. Bxb5 Ne5 18. Ne3 Qg5 19. a3 Na6 20. b4 Rb8 21. c4 h5 22. Kh1 h4 23. Rab1 Ra8 24. Qf2 Nb8 25.
Ne6 Bxe6 26. dxe6 c6 27. Ba4 axb4 28. Rxb4 Na6 29. Rb7 Nc5 30. exf7+ Kg7 31. Rc7 Rxa4 32. Qb2 Qxe3 33. Rxc6 Qxa3 34. Qd4 Qd3 35. Qxd3 Ncxd3 36. Rxd6 Rxc4 0-1

[Event "Early-Titled-Tuesday-Blitz-November-28-2023"]
[Site "Chess.com"]
[Date "2023.11.28"]
[Round "4"]
[White "kingofthenil"]
[Black "tusplingher"]
[Result "1-0"]
[WhiteElo "2700"]
[BlackElo "2508"]
[TimeControl "180+1"]
[EndTime "8:38:34 PST"]
[Termination "kingofthenil won by checkmate"]

1. e4 c5 2. Nc3 d6 3. d4 cxd4 4. Qxd4 Nc6 5. Qd3 Nf6 6. Nf3 g6 7. Be2 Bg7 8. O-O O-O 9. Nd5 Bg4 10. c3 Rc8 11. Bg5 Nd7 12. h3 Bxf3 13. Qxf3 h6 14. Bh4 g5 15. Bg3 Nde5 16. Qh5 Ng6 17. h4 e6 18.
hxg5 exd5 19. gxh6 Bf6 20. exd5 Nce7 21. Bd3 Kh7 22.
Rae1 Rc5 23. c4 a5 24. b3 b5 25. Re4 bxc4 26. bxc4 Qd7 27. Rg4 Kh8 28. Re1 Ne5 29.
Rxe5 dxe5 30. Rg7 e4 31. Be5 Bxe5 32. Qxe5 f6 33. Qxe4 f5 34. Qe5 Nc6 35. Qc3 Qd6 36.
Rh7+ Kxh7 37. Qg7# 1-0

[Event "Early-Titled-Tuesday-Blitz-November-28-2023"]
[Site "Chess.com"]
[Date "2023.11.28"]
[Round "4"]
[White "Kostya0705"]
[Black "Felix-Rose"]
[Result "1-0"]
[WhiteElo "2536"]
[BlackElo "2345"]
[TimeControl "180+1"]
[EndTime "8:38:34 PST"]
[Termination "Kostya0705 won on time"]

1. e4 e5 2. Nf3 Nc6 3. Bc4 Nf6 4. d4 exd4 5. e5 d5 6. Bb5 Ne4 7. Nxd4 Bc5 8. Bxc6+ bxc6 9. O-O O-O 10. Be3 Qe8 11. Nd2 Nxd2 12. Qxd2 Rb8 13. b3 Bd7 14. f4 Qe7 15.
Rae1 a5 16. Kh1 a4 17. Bf2 axb3 18. axb3 Ra8 19. f5 Bxd4 20. Bxd4 Kh8 21. f6 gxf6 22. exf6 Qd6 23. Rf4 Rae8 24. Rxe8 Rxe8 25. Rh4 Bf5 26. Qh6 Qf8 27. Qd2 Be4 28. h3 Qg8 29. Kh2 Qg6 30.
Rg4 Qf5 31. Qh6 Rg8 32. Rxg8+ 1-0

[Event "Early-Titled-Tuesday-Blitz-November-28-2023"]
[Site "Chess.com"]
[Date "2023.11.28"]
[Round "4"]
[White "nindjaxx8"]
[Black "lluiss"]
[Result "1-0"]
[WhiteElo "2463"]
[BlackElo "2209"]
[TimeControl "180+1"]
[EndTime "8:38:34 PST"]
[Termination "nindjaxx8 won on time"]

1. d4 Nf6 2. c4 g6 3. Nc3 d5 4.
Bf4 Bg7 5. e3 O-O 6. Nf3 c5 7.
dxc5 Ne4 8. Rc1 Nd7 9. cxd5 Nxc3 10. bxc3 Qa5 11. Qb3 Qxc5 12. Be2 Nb6 13. e4 Bd7 14.
O-O Ba4 15. Qb4 Rac8 16. Be3 Qxb4 17. cxb4 Bd7 18. Nd2 Bb2 19. Rc5 Na4 20. Ra5 a6 21. Nb3 Nc3 22. Bf3 Bb5 23. Re1 f5 24. exf5 Rxf5 25.
Bg4 1-0

[Event "Early-Titled-Tuesday-Blitz-November-28-2023"]
[Site "Chess.com"]
[Date "2023.11.28"]
[Round "4"]
[White "falzehope0"]
[Black "PabloZarnicki"]
[Result "0-1"]
[WhiteElo "2354"]
[BlackElo "2546"]
[TimeControl "180+1"]
[EndTime "8:38:35 PST"]
[Termination "PabloZarnicki won by resignation"]

1. d4 Nf6 2. e3 d5 3. Bd3 c5 4.
c3 Nc6 5. f4 Bg4 6. Ne2 e6 7.
Nd2 c4 8. Bc2 b5 9. a3 a5 10. O-O Be7 11. Nf3 Bxf3 12. gxf3 Qc7 13. Kh1 h6 14. e4 O-O-O 15. b3 cxb3 16. Bxb3 dxe4 17. a4 exf3 18. Rxf3 b4 19. Be3 Nd5 20.
c4 Nxe3 21. Rxe3 Bf6 22. d5 Bxa1 23. Qxa1 exd5 24. cxd5 Rhe8 25. Rxe8 Rxe8 26. Ng3 Qxf4 27. dxc6 Qf3+ 28. Kg1 Qxb3 29. Qxg7 Qe3+ 30. Kg2 Qe6 31.
Qd4 Qxc6+ 32. Kh3 Qd7+ 33. Qxd7+ Kxd7 34. Nf5 b3 35. Nd4 b2 36. Nb3 b1=Q 37. Nxa5 Qf5+ 38. Kg3 Re3+ 39. Kg2 Qf3+ 0-1

[Event "Early-Titled-Tuesday-Blitz-November-28-2023"]
[Site "Chess.com"]
[Date "2023.11.28"]
[Round "4"]
[White "averageFM"]
[Black "jcmesafischer"]
[Result "0-1"]
[WhiteElo "2605"]
[BlackElo "2341"]
[TimeControl "180+1"]
[EndTime "8:38:36 PST"]
[Termination "jcmesafischer won on time"]

1. e4 c5 2. Nf3 d6 3. d4 cxd4 4. Nxd4 Nf6 5. Nc3 a6 6. h3 e5 7. Nb3 Be7 8. g4 h6 9. Be3 Be6 10. Qf3 Nbd7 11. O-O-O Rc8 12. Kb1 b5 13. Rg1 Nb6 14.
g5 hxg5 15. Bxg5 Rxc3 16. Qxc3 Nxe4 17. Qc6+ Bd7 18. Qxe4 Bxg5 19. Rxd6 Bf6 20. Nc5 Qc7 21.
Rxb6 Qxb6 22. Nxd7 Kxd7 23. Be2 Ke7 24. Rd1 Rd8 25. Rxd8 Kxd8 26. Bg4 g6 27. a3 Ke7 28.
f4 Qg1+ 29. Ka2 Qc5 30. Qb7+ Kf8 31. f5 Qc4+ 32. Kb1 gxf5 33. Bxf5 Qf1+ 34. Ka2 Qxf5 35. Qxa6 e4 36. Qd6+ Kg7 0-1

[Event "Early-Titled-Tuesday-Blitz-November-28-2023"]
[Site "Chess.com"]
[Date "2023.11.28"]
[Round "4"]
[White "carokannlover213"]
[Black "kubal123"]
[Result "0-1"]
[WhiteElo "2676"]
[BlackElo "2541"]
[TimeControl "180+1"]
[EndTime "8:38:37 PST"]
[Termination "kubal123 won by resignation"]

1. Nf3 Nf6 2. c4 e6 3. d4 d5 4. g3 Be7 5. Bg2 O-O 6. O-O dxc4 7.
Qa4 a6 8. Qxc4 b5 9. Qc2 Bb7 10. Bd2 Be4 11. Qc1 c6 12. Rd1 Nbd7 13. a3 Rc8 14. Nc3 Bg6 15. b4 Nd5 16. Ne1 Bf6 17.
e4 Bxd4 18. exd5 cxd5 19. Nf3 Bf6 20. Qb2 Nb6 21. Qb3 d4 22. Be1 dxc3 23. Rxd8 Rfxd8 24. Rc1 c2 25. Bd2 Rd3 26. Qa2 Nc4 27. Rxc2 Rcd8 28.
h4 Rxa3 29. Qb1 Ra1 30. Qxa1 Bxa1 31. Bf4 Bxc2 0-1

[Event "Early-Titled-Tuesday-Blitz-November-28-2023"]
[Site "Chess.com"]
[Date "2023.11.28"]
[Round "4"]
[White "queen_iryna"]
[Black "FischerKasparow"]
[Result "1-0"]
[WhiteElo "2324"]
[BlackElo "2086"]
[TimeControl "180+1"]
[EndTime "8:38:37 PST"]
[Termination "queen_iryna won by resignation"]

1. e4 c5 2. Nf3 d6 3. Bb5+ Bd7 4. Bxd7+ Qxd7 5. O-O Nc6 6. c3 Nf6 7. Re1 e6 8. d4 cxd4 9. cxd4 d5 10. e5 Ne4 11.
Nbd2 Nxd2 12. Bxd2 Be7 13. Rc1 O-O 14. a3 a5 15. Rc3 Rfc8 16. h4 Qd8 17. h5 h6 18. Rd3 Qb6 19. Bc3 Na7 20. Nh2 Nb5 21.
Qg4 Nxc3 22. bxc3 Qb2 23. Rg3 Bf8 24. Ree3 Qxa3 25. Nf1 Qa1 26. Qf4 Kh8 27. Qxf7 Re8 28. Ref3 a4 29. Qg6 Re7 30. Rf7 Rxf7 31. Qxf7 a3 32.
Qxb7 Rd8 33. Qb6 Re8 34. Qb5 Re7 35. Qb8 Rf7 36. Rf3 Rxf3 37. gxf3 Kg8 38. Kg2 a2 39. Nd2 Qb2 40. Qxb2 1-0

[Event "Early-Titled-Tuesday-Blitz-November-28-2023"]
[Site "Chess.com"]
[Date "2023.11.28"]
[Round "4"]
[White "millenium19"]
[Black "Witty_Alien"]
[Result "1-0"]
[WhiteElo "2491"]
[BlackElo "2246"]
[TimeControl "180+1"]
[EndTime "8:38:38 PST"]
[Termination "millenium19 won by checkmate"]

1. e4 c5 2. Nf3 d6 3. Bb5+ Bd7 4. Bxd7+ Nxd7 5. d4 cxd4 6. Qxd4 Ngf6 7. Bg5 g6 8. O-O Bg7 9. Nc3 O-O 10. Qd2 Rc8 11.
Bh6 Qb6 12. Bxg7 Kxg7 13. Rab1 Rc5 14. Na4 Qc6 15. Nxc5 Nxc5 16. e5 Nfe4 17. Qe3 d5 18.
Nd4 Qc7 19. c4 Qxe5 20. f3 f5 21. cxd5 f4 22. Ne6+ Kg8 23. Qd4 Qxd4+ 24. Nxd4 Nd2 25. Rbc1 Nxf1 26. Rxc5 Ne3 27. Ne6 Rf5 28. Rc8+ Kf7 29. Rf8# 1-0

[Event "Early-Titled-Tuesday-Blitz-November-28-2023"]
[Site "Chess.com"]
[Date "2023.11.28"]
[Round "4"]
[White "whitemirrorninja"]
[Black "Good_Knight_Kiss"]
[Result "1-0"]
[WhiteElo "2515"]
[BlackElo "2326"]
[TimeControl "180+1"]
[EndTime "8:38:39 PST"]
[Termination "whitemirrorninja won on time"]

1. e4 c5 2. Nf3 d6 3. Nc3 Nf6 4.
e5 dxe5 5. Nxe5 Nbd7 6. Bb5 a6 7.
Bxd7+ Nxd7 8. d4 Nxe5 9. dxe5 Qxd1+ 10. Nxd1 b5 11. Be3 e6 12. a4 Bb7 13. axb5 axb5 14. Rxa8+ Bxa8 15. f3 f6 16. exf6 gxf6 17. Nc3 b4 18. Na4 c4 19. Nb6 Bd5 20. Kf2 Kf7 21.
Rd1 Be7 22. Nxd5 exd5 23. Rxd5 Ke6 24. Rb5 Ra8 25. Bc5 Bxc5+ 26. Rxc5 Ra2 27. Rxc4 Rxb2 28.
Ke3 b3 29. cxb3 Rxg2 30. Rh4 Rb2 31. b4 Kf5 32. Rf4+ Kg5 33. h4+ Kg6 34. Rg4+ Kf5 35. Rf4+ Ke5 36. Rc4 Kf5 37. Rc5+ Kg6 38. b5 Kf7 39.
Rc7+ Kg6 40. Rc5 Rb4 41. h5+ Kh6 42. Rf5 Kg7 43. Kd3 Kf7 44. Kc3 Rb1 45. Rc5 Ke6 46. Rc6+ Ke5 47. Kc4 f5 48. b6 Kf4 49.
Rf6 Kxf3 50. Rxf5+ Kg4 51. Rb5 Rc1+ 52. Kd5 Kxh5 53. b7 Rd1+ 54. Ke4+ 1-0

[Event "Early-Titled-Tuesday-Blitz-November-28-2023"]
[Site "Chess.com"]
[Date "2023.11.28"]
[Round "4"]
[White "Jospem"]
[Black "K_A_S_T_O_R"]
[Result "1-0"]
[WhiteElo "3055"]
[BlackElo "2850"]
[TimeControl "180+1"]
[EndTime "8:38:40 PST"]
[Termination "Jospem won by resignation"]

1. e4 c5 2. Nf3 d6 3. c3 Nf6 4. h3 Nc6 5. Bd3 d5 6. e5 c4 7.
Bc2 Nd7 8. e6 fxe6 9. b3 cxb3 10. Bxb3 Nc5 11. d4 Nxb3 12. axb3 e5 13. Nxe5 Nxe5 14.
dxe5 Bf5 15. O-O e6 16. Nd2 Qc7 17. Nf3 Bc5 18. Ba3 Bxa3 19. Rxa3 Qxc3 20. Qd4 Qxd4 21.
Nxd4 O-O 22. Rc1 h5 23. b4 a6 24. Rac3 a5 25. bxa5 Rxa5 26. Rc7 Ra4 27. Nb5 Ra2 28. Nd4 Rd2 29. Nf3 Rb2 30. Re7 Rf7 31. Rc8+ Rf8 32. Rcc7 Be4 33. Rxg7+ Kh8 34. Rge7 Bxf3 35. Rh7+ 1-0

[Event "Early-Titled-Tuesday-Blitz-November-28-2023"]
[Site "Chess.com"]
[Date "2023.11.28"]
[Round "4"]
[White "Barmen_EV"]
[Black "psychokiller48"]
[Result "0-1"]
[WhiteElo "2512"]
[BlackElo "2714"]
[TimeControl "180+1"]
[EndTime "8:38:40 PST"]
[Termination "psychokiller48 won by checkmate"]

1. e4 e5 2. Nf3 Nc6 3. Nc3 Nf6 4.
Bb5 Nd4 5. Bc4 Bc5 6. Nxe5 Qe7 7. Nf3 d5 8. Nxd5 Qxe4+ 9. Ne3 Bg4 10. Be2 Nxe2 11.
Qxe2 O-O-O 12. O-O h5 13. d3 Qg6 14. Kh1 Rde8 15. d4 Bxd4 16. Bd2 Ne4 17. Rad1 Bb6 18. Qd3 Rd8 19. Ne5 Rxd3 20. Nxg6 Rxd2 21. Nxh8 Bxd1 22. Nxd1 Rxd1 23. Kg1 Bxf2+ 24. Kh1 Rxf1# 0-1

[Event "Early-Titled-Tuesday-Blitz-November-28-2023"]
[Site "Chess.com"]
[Date "2023.11.28"]
[Round "4"]
[White "olksuna"]
[Black "deribas12345"]
[Result "1-0"]
[WhiteElo "2750"]
[BlackElo "2538"]
[TimeControl "180+1"]
[EndTime "8:38:41 PST"]
[Termination "olksuna won on time"]

1. e4 e6 2. d4 d5 3. e5 c5 4. c3 Qa5 5. Nd2 Nc6 6. Ngf3 c4 7.
Be2 b5 8. O-O b4 9. Qc2 Rb8 10.
b3 bxc3 11. Nxc4 dxc4 12. bxc4 Nh6 13. Bxh6 gxh6 14. d5 exd5 15. cxd5 Qxd5 16. Qxc3 Bb4 17. Qe3 Qe6 18. Rac1 Bd7 19. Rfd1 Rg8 20. g3 Rd8 21. Bc4 Qg4 22. Bb5 Rg6 23. Rc4 Qh5 24. Rh4 Qf5 25. Nd4 Nxd4 26. Rhxd4 Rb6 27. Rxd7 Rxb5 28. Rxd8+ Ke7 29. Qxa7+ 1-0

[Event "Early-Titled-Tuesday-Blitz-November-28-2023"]
[Site "Chess.com"]
[Date "2023.11.28"]
[Round "4"]
[White "ilushka"]
[Black "Agibileg"]
[Result "0-1"]
[WhiteElo "2399"]
[BlackElo "2653"]
[TimeControl "180+1"]
[EndTime "8:38:41 PST"]
[Termination "Agibileg won by resignation"]

1. Nf3 Nf6 2. g3 g6 3. b3 Bg7 4. Bb2 b6 5. Bg2 Bb7 6. c4 O-O 7. O-O c5 8. d4 cxd4 9. Qxd4 d5 10. cxd5 Qxd5 11. Nc3 Qxd4 12. Nxd4 Bxg2 13. Kxg2 Rc8 14. Rac1 Nbd7 15. Ncb5 Nc5 16. b4 Na4 17. Ba1 a6 18.
Na3 Nd5 19. Nc6 Bxa1 20. e4 Bb2 21. exd5 Bxc1 22. Rxc1 Kf8 23. Nc4 Rc7 24. N4e5 f6 25. Nd3 Rac8 26. Nf4 Kf7 27. Ne6 Rd7 28. Ne5+ fxe5 29.
Rxc8 Rxd5 30. Ng5+ Kg7 31. Rc7 h6 32. Ne4 Kf7 33.
Kf3 Rd4 34. a3 Rd3+ 35. Ke2 Rxa3 36. Nd6+ Ke6 37. Nc4 Rc3 38. Rc6+ Kd5 39. Nxe5 Rxc6 40. Nxc6 Kxc6 0-1

[Event "Early-Titled-Tuesday-Blitz-November-28-2023"]
[Site "Chess.com"]
[Date "2023.11.28"]
[Round "4"]
[White "JSPrepz"]
[Black "GMBenjaminBok"]
[Result "0-1"]
[WhiteElo "2831"]
[BlackElo "3035"]
[TimeControl "180+1"]
[EndTime "8:38:43 PST"]
[Termination "GMBenjaminBok won by checkmate"]

1. e4 c5 2. Nf3 d6 3. c3 Nf6 4.
Qc2 Qc7 5. Na3 a6 6. h3 g6 7. Be2 Bg7 8. O-O O-O 9. Re1 b5 10.
d3 Bb7 11. Bg5 Nbd7 12. Qd2 Rfe8 13. Bf1 e5 14. Bh6 d5 15. Bxg7 Kxg7 16. exd5 Nxd5 17.
Ng5 Rad8 18. Rad1 Nf4 19. g3 Qc6 20. f3 Nh5 21. Qf2 f5 22. d4 cxd4 23. cxd4 Qf6 24. h4 h6 25. Nh3 exd4 26. Rxe8 Rxe8 27. Rxd4 Ne5 28. Be2 Nxg3 29. Bd1 Bxf3 30. Qxg3 Qb6 31. Qf2 Ng4 32. Rd7+ Kf8 33. Qxb6 Re1# 0-1

[Event "Early-Titled-Tuesday-Blitz-November-28-2023"]
[Site "Chess.com"]
[Date "2023.11.28"]
[Round "4"]
[White "AlexPapasimakopoulos"]
[Black "Rakhmanov_Aleksandr"]
[Result "1-0"]
[WhiteElo "2616"]
[BlackElo "2835"]
[TimeControl "180+1"]
[EndTime "8:38:43 PST"]
[Termination "AlexPapasimakopoulos won on time"]

1. d4 Nf6 2. c4 d6 3. Nc3 e5 4.
Nf3 e4 5. Nd2 Bf5 6. e3 c6 7. b4 d5 8. Qb3 a6 9. a4 Be7 10. Ba3 O-O 11. h3 h5 12. Be2 h4 13.
Ra2 Re8 14. b5 axb5 15. axb5 c5 16. Nxd5 Nxd5 17. cxd5 Rxa3 18. Rxa3 cxd4 19. Ra8 dxe3 20. fxe3 Qc7 21. O-O Bg6 22. Nc4 Kh7 23. d6 Bxd6 24. Nxd6 Qxd6 25. Rf4 Qe7 26. Qd5 Rd8 27. Qa2 Qg5 28. Qb1 Qg3 29. Qf1 Qxe3+ 30. Qf2 Qc1+ 31. Kh2 e3 32. Qxh4+ Kg8 33. Qxd8+ Kh7 34. Rh4+ 1-0